 Dungeon Crawl Stone Soup version 0.30-a0-643-g638baaf3f0 (webtiles) character file.

Game seed: 16391324681985803750

88 Leeroy the Slasher (level 4, -5/36 HPs)
             Began as a Draconian Warper on Jan 16, 2023.
             Killed by nerve-wracking pain
             ... invoked by Grinder
              (10 damage)
             ... on level 3 of the Dungeon.
             The game lasted 00:01:59 (1602 turns).

Leeroy the Slasher (Draconian Warper)               Turns: 1602, Time: 00:01:59

Health: -5/36      AC:  5    Str: 14    XL:     4   Next: 30%
Magic:  7/7        EV: 12    Int: 13    God:
Gold:   129        SH:  0    Dex: 12    Spells: 7/7 levels left

rFire   . . .      SeeInvis .    a - +0 falchion
rCold   . . .      Faith    .    (no shield)
rNeg    . . .      Spirit   .    (body armour unavailable)
rPois   .          Reflect  .    (helmet restricted)
rElec   .          Harm     .    (no cloak)
rCorr   .          Rampage  .    (no gloves)
Will    .....                    (no boots)
Stlth   +                        (no amulet)
HPRegen 0.26/turn                (no ring)
MPRegen 0.10/turn                (no ring)

@: no status effects
A: AC +5, unfitting armour, cold-blooded
a: no special abilities


You were on level 3 of the Dungeon.
You visited 1 branch of the dungeon, and saw 3 of its levels.

You collected 129 gold pieces.

Inventory:

Hand Weapons
 a - a +0 falchion (weapon)
Missiles
 c - 6 boomerangs of dispersal (quivered)
Jewellery
 h - a ring of protection from cold
Scrolls
 b - 2 scrolls of blinking
 e - 2 scrolls of identify {unknown}
 f - a scroll of fog {unknown}
 g - 2 scrolls of immolation {unknown}
 i - a scroll of enchant weapon {unknown}
 j - a scroll of magic mapping {unknown}
 m - a scroll of teleportation {unknown}
Potions
 k - 2 potions of haste {unknown}
 l - a potion of brilliance {unknown}
 n - a potion of invisibility {unknown}
 o - a potion of might {unknown}


   Skills:
 - Level 2.1 Fighting
 + Level 4.6 Long Blades
 - Level 0.8 Throwing
 - Level 2.1 Dodging
 - Level 2.0 Spellcasting
 - Level 3.0 Translocations


You had 7 spell levels left.
You didn't know any spells.
Your spell library contained the following spells:

 Spells                   Type           Power      Damage    Failure   Level
 Blink                    Tloc           18%        N/A       11%         2
 Lesser Beckoning         Tloc           18%        N/A       11%         2
 Teleport Other           Tloc           9%         N/A       22%         3
 Vhi's Electric Charge    Tloc/Air       10%        N/A       38%         3
 Manifold Assault         Tloc           9%         N/A       58%         4


Dungeon Overview and Level Annotations

Branches:
Dungeon (3/15)

Altars:

Shops:
D:2 !

Annotations:
D:3 Grinder


Innate Abilities, Weirdness & Mutations

Your plain brown scales are hard. (AC +5)
You cannot fit into any form of body armour.
You are cold-blooded and may be slowed by cold attacks.


Message History

Grinder hits you.
You writhe in agony.
Grinder hits you!
* * * LOW HITPOINT WARNING * * *
You hit Grinder but do no damage.
You tail-slap Grinder, but do no damage.
Grinder is heavily wounded.
Grinder blinks!
You feel much better.
You see here a hobgoblin corpse.
Grinder hits you!
You writhe in agony.
Things that are here:
a +0 club; a +0 animal skin; a +0 helmet You closely miss Grinder.
Grinder is heavily wounded.
Grinder hits you!
You writhe in agony.
* * * LOW HITPOINT WARNING * * *
You barely miss Grinder.
Grinder is heavily wounded.
Grinder closely misses you.
You closely miss Grinder.
Grinder is heavily wounded.
Grinder hits you.
* * * LOW HITPOINT WARNING * * *
You hit Grinder.
Grinder is severely wounded.
Grinder completely misses you.
You barely miss Grinder.
Grinder is severely wounded.
Grinder blinks!
Grinder hits you.
* * * LOW HITPOINT WARNING * * *
You writhe in agony.
* * * LOW HITPOINT WARNING * * *
You slash Grinder!
Grinder is severely wounded.
Grinder blinks!
You closely miss Grinder.
Grinder is severely wounded.
Grinder gestures at you. Pain shoots through your body!
You die...

#.# #. #.# ## #. #### #.#
#.. .. ..# #.# ### #.##.
#.# #.# .. #.#. #.# #.# .#
##.. ##†#####.###.#
#...#####)5..........##.
#..)....§@†.......†.......
#.######.<.>########.###..
#....# .# #..### .# #..#
.# #..# .. #..# ## #..#
#..#


You could see Grinder.

Vanquished Creatures
  Robin (D:3)
  2 adders
  2 worms (D:2)
  2 dart slugs
  2 bats
  4 endoplasms
  2 giant cockroaches
  7 hobgoblins
  A quokka (D:2)
  4 ball pythons
  2 frilled lizards (D:2)
  10 goblins
  4 kobolds
  4 rats
47 creatures vanquished.

Notes
Turn   | Place    | Note
-------+----------+-------------------------------------------
     0 | D:1      | Leeroy the Draconian Warper began the quest for the Orb.
     0 | D:1      | Reached XP level 1. HP: 17/17 MP: 3/3
   189 | D:1      | Reached XP level 2. HP: 19/24 MP: 5/5
   351 | D:1      | Reached skill level 3 in Long Blades
   395 | D:1      | Found a faded altar of an unknown god.
   395 | D:1      | Noticed an eye of devastation
   397 | D:1      | Noticed a floating eye
   398 | D:1      | Noticed a great orb of eyes
   398 | D:1      | Noticed a shining eye
   714 | D:2      | Reached XP level 3. HP: 25/29 MP: 6/6
   998 | D:2      | Reached skill level 4 in Long Blades
  1063 | D:2      | Found Jozuss's Distillery.
  1500 | D:3      | Noticed Robin
  1515 | D:3      | Killed Robin
  1516 | D:3      | Reached XP level 4. HP: 35/36 MP: 7/7
  1539 | D:3      | Noticed Grinder
  1571 | D:3      | Paralysed by Grinder for 4 turns
  1602 | D:3      | Killed from afar by Grinder

Illustrated notes

Levels and vault maps discovered:
D:1:      ebering_trefoil_3fold, layout_basic,
          hellmonk_ecumenical_altar_watching_god
D:2:      layout_rooms, serial_shops, shop, kennysheep_generic_room_3
D:3:      layout_loops_ring, old_standard_altar, kennysheep_nondescript,
          uniq_grinder, uniq_ijyb, uniq_robin, uniq_jessica

Skill      XL: |  1  2  3 |
---------------+----------+-----
Long Blades    | 3 4 |  4.6
Fighting       | |  2.1
Throwing       | |  0.8
Dodging        | |  2.1
Spellcasting   | |  2.0
Translocations | |  3.0

Action                   |  1- 3 |  4- 6 || total
-------------------------+-------+-------++-------
Melee: Falchion          |   150 |    40 ||   190
       Tailslap          |    19 |     6 ||    25
       Punch             |     1 |       ||     1
Throw: Boomerang         |       |     1 ||     1
  Use: Potion            |       |     4 ||     4
 Stab: Sleeping          |     1 |       ||     1
Armor: Skin              |    42 |     6 ||    48
Dodge: Dodged            |    98 |    23 ||   121

Table legend: (Time is in decaauts)
 A = Elapsed time spent in this place.
 B = Non-inter-level travel time spent in this place.
 C = Inter-level travel time spent in this place.
 D = Time resting spent in this place.
 E = Time spent auto-exploring this place.
 F = Levels seen in this place.
 G = Mean time per level.
                   A        B        C        D        E       F      G
               +--------+--------+--------+--------+--------+-----+--------+
         Total |   1626 |   1562 |     64 |    289 |    876 |   3 |  542.0 |
       Dungeon |   1626 |   1562 |     64 |    289 |    876 |   3 |  542.0 |
               +--------+--------+--------+--------+--------+-----+--------+

Top non-repeatable levels by time:
     D:2: 923 daAuts
     D:1: 596 daAuts
     D:3: 106 daAuts
